 Dungeon Crawl Stone Soup version 0.30-a0-737-gf23d94013f (webtiles) character file.

Game seed: 10426787907245584086

98 sircluck the Chopper (level 4, -9/38 HPs)
             Began as a Hill Orc Reaver on Feb 2, 2023.
             Engulfed by a cloud of flame (25 damage)
             ... on level 3 of the Dungeon.
             The game lasted 00:11:26 (2687 turns).

sircluck the Chopper (Hill Orc Reaver)              Turns: 2687, Time: 00:11:27

Health: -9/38      AC:  4    Str: 16    XL:     4   Next: 71%
Magic:  6/6        EV: 12    Int: 13    God:
Gold:   164        SH:  0    Dex: 15    Spells: 5/6 levels left

rFire   . . .      SeeInvis .    a - +0 hand axe
rCold   . . .      Faith    .    (no shield)
rNeg    . . .      Spirit   .    b - +0 leather armour
rPois   .          Reflect  .    (no helmet)
rElec   .          Harm     .    l - +0 cloak
rCorr   +          Rampage  .    (no gloves)
Will    .....                    (no boots)
Stlth   +                        (no amulet)
HPRegen 0.26/turn                c - ring of resist corrosion
MPRegen 0.10/turn                h - +6 ring of dexterity

@: no status effects
A: no striking features
a: no special abilities


You were on level 3 of the Dungeon.
You visited 1 branch of the dungeon, and saw 3 of its levels.

You collected 164 gold pieces.

Inventory:

Hand Weapons
 a - a +0 hand axe (weapon)
 d - a +0 quarterstaff
Missiles
 g - 11 boomerangs
 n - 8 poisoned darts
 p - 31 stones
Armour
 b - a +0 leather armour (worn)
 i - a scarf of shadows
 l - a +0 cloak (worn)
 o - a +0 cloak
Jewellery
 c - a ring of resist corrosion (left hand)
 h - a +6 ring of dexterity (right hand)
Wands
 m - a wand of acid (3)
 s - a wand of roots (10)
Scrolls
 f - 4 scrolls of identify {unknown}
 q - a scroll of enchant weapon {unknown}
 r - a scroll of teleportation {unknown}
Potions
 e - 2 potions of degeneration {unknown}
 j - 2 potions of might {unknown}
 k - a potion of flight {unknown}
 t - a potion of attraction {unknown}
 u - a potion of resistance


   Skills:
 + Level 3.1 Fighting
 + Level 5.2 Axes
 + Level 1.9 Armour
 + Level 1.8 Dodging
 + Level 1.7 Spellcasting
 + Level 3.4 Conjurations


You had 5 spell levels left.
You knew the following spells:

 Your Spells              Type           Power      Damage    Failure   Level
a - Kiss of Death         Conj/Necr      20%        2d7       16%         1

Your spell library contained the following spells:

 Spells                   Type           Power      Damage    Failure   Level
 Momentum Strike          Conj/Tloc      10%        3d8       24%         2
 Sandblast                Erth           2%         2d4       32%         1
 Sting                    Tmut/Pois      4%         1d3       32%         1
 Summon Small Mammal      Summ           4%         N/A       32%         1
 Lesser Beckoning         Tloc           2%         N/A       43%         2
 Passwall                 Tmut/Erth      0%         N/A       43%         2
 Poisonous Vapours        Pois/Air       2%         N/A       43%         2
 Hailstorm                Conj/Ice       5%         3d4       43%         3
 Stone Arrow              Conj/Erth      10%        3d7       43%         3
 Call Canine Familiar     Summ           1%         N/A       67%         3
 Gell's Gravitas          Tloc           1%         N/A       67%         3
 Summon Guardian Golem    Hex/Summ       1%         N/A       67%         3
 Teleport Other           Tloc           1%         N/A       67%         3
 Olgreb's Toxic Radiance  Pois           1%         N/A       97%         4


Dungeon Overview and Level Annotations

Branches:
Dungeon (3/15)

Altars:
Dithmenos
Vehumet

Shops:
D:3 [


Message History

The adder is moderately wounded.
The adder barely misses you.
You barely miss the adder.
The adder is moderately wounded.
The adder closely misses you. The adder bites you but does no damage.
You hit the adder.
The adder is heavily wounded.
The adder bites you.
You are poisoned.
The adder poisons you!
You slash the adder!
You kill the adder!
You feel sick.
Found 7 gold pieces.
You feel sick.
You feel sick.
You feel sick.
You feel sick.
You are no longer poisoned.
Found a radiant altar of Vehumet.
You now have 155 gold pieces (gained 8).
You now have 162 gold pieces (gained 7).
You can't see any susceptible monsters within range! (Use Z to cast anyway.)
You now have 164 gold pieces (gained 2).
You see here a +0 club.
u - a potion of resistance Partly explored, can't reach some items and places.
Really walk into a travel-excluded area? [Y]es or [N]o only, please.
Really walk into a travel-excluded area? [Y]es or [N]o only, please.
Really walk into a travel-excluded area? [Y]es or [N]o only, please.
Really walk into a travel-excluded area? [Y]es or [N]o only, please.
Really walk into a travel-excluded area?
You are engulfed in blazing flames.
Ouch! That really hurt!
You are engulfed in blazing flames.
Ouch! That really hurt!
You die...

.#..# #.##.#.####
###.# #.##.#....#
.#..# #.##....#.#
..^.##
##...########
.#...# #°§☼# #.>#
###..# #.☼§#
##.##### .#...#
#§§§# #...<#.###
....##
#...######.###...#
.####
...$.☼§@.#.#.#.#.#
.#
§.....○§§.......#.#
.#
..$..○°☼.....###.#
.# #...######.#.#
#.# .# #§§.# #.#.#
#.### .# #§○§#
#...###...# .#####
#§..# #.#..####.#
.....# #...#
####.#..####.#
.###.# #..#
##....#.......#


There were no monsters in sight!

Vanquished Creatures
  3 adders
  A worm (D:2)
  5 dart slugs
  2 bats
  6 endoplasms
  3 giant cockroaches
  2 goblins (D:1)
  3 hobgoblins (D:1)
  5 jackals
  3 kobolds
  2 quokkas (D:1)
  4 ball pythons
  15 frilled lizards
  5 rats
59 creatures vanquished.

Vanquished Creatures (others)
  A bat (D:3)
  10 plants
11 creatures vanquished.

Grand Total: 70 creatures vanquished

Notes
Turn   | Place    | Note
-------+----------+-------------------------------------------
     0 | D:1      | sircluck the Hill Orc Reaver began the quest for the Orb.
     0 | D:1      | Reached XP level 1. HP: 18/18 MP: 3/3
    92 | D:1      | Reached XP level 2. HP: 12/25 MP: 4/4
   343 | D:1      | Reached XP level 3. HP: 18/30 MP: 5/5
  1150 | D:2      | Reached skill level 1 in Armour
  1509 | D:2      | Reached XP level 4. HP: 32/37 MP: 6/6
  2005 | D:3      | Reached skill level 5 in Axes
  2284 | D:3      | Found Boiwomol's Antique Armour Shoppe.
  2335 | D:3      | Found a shadowy altar of Dithmenos.
  2419 | D:3      | Found a radiant altar of Vehumet.
  2687 | D:3      | Engulfed by a cloud of flame

Illustrated notes

Levels and vault maps discovered:
D:1:      saegor_arrival_simple_b, layout_basic, serial_bayou_crossing
D:2:      layout_basic, serial_co_window_serial, co_window_paths_a,
          co_window_paths_b, co_window_paths_a, co_window_cross_1,
          co_window_of_opportunity_a, co_window_of_opportunity_b,
          co_window_corner_b, co_window_corner_ca, co_window_unsneaky_path_c,
          co_window_corner_ca, glass_columns_a, glass_columns_b, minivault_19,
          minmay_lizard_king
D:3:      layout_basic, overflow_temple_1_default, vehumet_crystals,
          serial_shops, shop, grunt_ministairs_2, lemuel_flame_loot_1

Skill      XL: |  1  2  3  4 |
---------------+-------------+-----
Armour         | 1 |  1.9
Fighting       | 3 |  3.1
Axes           | 5 |  5.2
Dodging        | |  1.8
Spellcasting   | |  1.7
Conjurations   | |  3.4

Action                     |  1- 3 |  4- 6 || total
---------------------------+-------+-------++-------
  Melee: Hand axe          |   142 |    57 ||   199
         Punch             |     1 |       ||     1
  Evoke: Wand              |       |     2 ||     2
   Stab: Sleeping          |     1 |       ||     1
 Armour: Leather armour    |    24 |    13 ||    37
  Dodge: Dodged            |    93 |    45 ||   138

Table legend: (Time is in decaauts)
 A = Elapsed time spent in this place.
 B = Non-inter-level travel time spent in this place.
 C = Inter-level travel time spent in this place.
 D = Time resting spent in this place.
 E = Time spent auto-exploring this place.
 F = Levels seen in this place.
 G = Mean time per level.
                   A        B        C        D        E       F      G
               +--------+--------+--------+--------+--------+-----+--------+
         Total |   2707 |   2640 |     67 |    293 |   1144 |   3 |  902.3 |
       Dungeon |   2707 |   2640 |     67 |    293 |   1144 |   3 |  902.3 |
               +--------+--------+--------+--------+--------+-----+--------+

Top non-repeatable levels by time:
     D:2: 1230 daAuts
     D:1: 788 daAuts
     D:3: 687 daAuts
